Map: Jagannatha LE

Players

Astrea

  • Race: Protoss Protoss
  • League: Master
  • Spawn Location: 1:00

Stats - Winner!

  • Race: Protoss Protoss
  • Spawn Location: 7:00

Event: DreamHack SC2 Masters 2020 Winter

VOD

Have the link to the VOD?

Description

Time

  • Played on: Nov. 14, 2020, 11:07 a.m.
  • Length: 6:21

All games in this series

Show
View Real Time Build Order
Export as new Build Order

Astrea Protoss 

Build Orders:  

Get SALT Encoding   

  12  0:00  Probe  
  13  0:12  Probe  
  14  0:17  Pylon  
  14  0:24  Probe (Chrono Boost)  
  15  0:37  Gateway, Probe (Chrono Boost)  
  16  0:43  Probe (Chrono Boost)  
  16  0:46  Assimilator  
  17  0:51  Probe  
  17  0:54  Assimilator  
  18  1:03  Probe (Chrono Boost)  
  19  1:07  Gateway  
  19  1:12  Probe (Chrono Boost)  
  19  1:17  Probe (Chrono Boost)  
  20  1:25  Cybernetics Core  
  21  1:29  Probe  
  22  1:36  Pylon  
  22  1:41  Probe  
  23  1:54  Probe  
  23  1:59  Warp Gate (Chrono Boost)  
  24  2:01  Adept  
  24  2:02  Adept  
  24  2:07  Pylon  
  28  2:32  Sentry x2  
  31  2:48  Probe  
  32  2:53  Nexus  
  32  2:56  Shield Battery  
  36  2:58  Sentry x2  
  36  3:02  Probe  
  37  3:09  Pylon  
  37  3:19  Probe  
  38  3:32  Probe  
  38  3:34  Twilight Council  
  39  3:38  Stalker x2  
  43  3:44  Probe  
  43  3:46  Pylon  
  44  3:57  Probe  
  45  4:07  Blink (Chrono Boost)  
  45  4:09  Probe  
  47  4:13  Stalker  
  48  4:18  Gateway  
  48  4:27  Stalker  
  44  4:39  Stalker  
  44  4:40  Probe  
  44  4:41  Probe  
  44  4:52  Stalker  
  38  4:53  Probe x2  
  34  5:03  Zealot  
  34  5:05  Probe x2  
  27  5:17  Probe (Chrono Boost)  
  27  5:19  Probe (Chrono Boost)  
  29  5:29  Probe (Chrono Boost)  
  29  5:31  Probe (Chrono Boost)  
  31  5:37  Probe (Chrono Boost)  
  31  5:38  Probe (Chrono Boost)  
  31  5:40  Adept  
  35  5:48  Stalker  
Show
View Real Time Build Order
Export as new Build Order

Stats Protoss - Winner!

Build Orders:  

Get SALT Encoding   

  12  0:00  Probe  
  13  0:12  Probe  
  14  0:17  Pylon  
  14  0:24  Probe (Chrono Boost)  
  15  0:36  Probe (Chrono Boost)  
  15  0:37  Gateway  
  16  0:45  Probe (Chrono Boost)  
  16  0:46  Assimilator  
  17  0:51  Probe  
  17  0:55  Assimilator  
  18  1:03  Probe (Chrono Boost)  
  19  1:09  Gateway  
  19  1:14  Probe (Chrono Boost)  
  20  1:19  Probe (Chrono Boost)  
  20  1:25  Cybernetics Core  
  21  1:29  Probe  
  22  1:35  Pylon  
  22  1:41  Probe  
  23  1:53  Probe  
  24  1:59  Warp Gate (Chrono Boost)  
  24  2:01  Adept x2  
  28  2:10  Robotics Facility  
  28  2:18  Pylon  
  28  2:31  Stalker  
  28  2:36  Stalker  
  32  2:49  Pylon  
  32  2:59  Warp Prism  
  34  3:06  Sentry x2  
  38  3:13  Shield Battery  
  37  3:34  Nexus  
  37  3:40  Stalker, Sentry  
  41  3:48  Probe  
  41  3:50  Observer  
  43  3:57  Pylon  
  43  4:06  Stalker  
  45  4:10  Stalker  
  45  4:16  Probe  
  48  4:28  Probe  
  49  4:41  Stalker  
  49  4:42  Stalker  
  51  4:46  Probe x2  
  51  4:58  Probe x2  
  45  5:10  Probe x2 (Chrono Boost)  
  41  5:18  Immortal (Chrono Boost)  
  43  5:23  Probe x2 (Chrono Boost)  
  43  5:28  Probe x2 (Chrono Boost)  
  43  5:33  Pylon  
  43  5:34  Adept  
  43  5:35  Adept  
  49  5:37  Probe x2  
  51  5:49  Probe x2  
  57  6:10  Twilight Council  
  57  6:13  Stalker x2  
Tags
 
Add a new tag
Caveats
  • Supply blocks, unpowered buildings, or Contaminate may cause inaccurate times.
  • Supply counts are checked every 10 seconds.